 Dungeon Crawl Stone Soup version 0.28-a0-769-g550dbda0cd (webtiles) character file.

Game seed: 17306724485131005732

1970 KoroneIsBestGirl the Chiller (level 9, -11/65 HPs)
             Began as a Barachi Ice Elementalist on Oct 31, 2021.
             Was an Initiate of Gozag.
             Mangled by a two-headed ogre (23 damage)
             ... on level 7 of the Dungeon.
             The game lasted 00:08:32 (7332 turns).

KoroneIsBestGirl the Chiller (BaIE)                 Turns: 7332, Time: 00:08:33

Health: -11/65     AC:  6    Str: 16    XL:     9   Next: 20%
Magic:  8/16       EV: 14    Int: 18    God:    Gozag
Gold:   373        SH:  5    Dex: 13    Spells: 14/18 levels left

rFire   . . .      SeeInvis .   t - +0 falchion (holy)
rCold   . . .      Faith    .   w - +0 buckler
rNeg    . . .      Spirit   .   d - +0 leather armour
rPois   .          Reflect  .   (no helmet)
rElec   .          Harm     .   (no cloak)
rCorr   .          Rampage  .   n - +0 pair of gloves
Will    .....                   A - +0 pair of boots
Stlth   ++........              (no amulet)
HPRegen 0.20/turn               i - +4 ring of slaying
MPRegen 0.15/turn               g - +6 ring of strength

@: freezing walls, slow
A: amphibious, slowness 1, strong legs 1, +LOS
a: Hop, Renounce Religion, Potion Petition, Call Merchant, Bribe Branch


You were on level 7 of the Dungeon.
You worshipped Gozag.
Gozag was aware of your devotion.
You visited 2 branches of the dungeon, and saw 8 of its levels.

You collected 480 gold pieces.
You paid 107 gold pieces to Gozag.

Inventory:

Hand Weapons
 t - a +0 falchion of holy wrath (weapon)
Missiles
 o - a throwing net
Armour
 d - a +0 leather armour (worn)
 n - a +0 pair of gloves (worn)
 w - a +0 buckler (worn)
 A - a +0 pair of boots (worn)
Jewellery
 g - a +6 ring of strength (right hand)
 i - a +4 ring of slaying (left hand)
 B - a ring of willpower
Wands
 k - a wand of polymorph (8)
 y - a wand of flame (17)
Scrolls
 a - a scroll of amnesia {unknown}
 b - a scroll of magic mapping {unknown}
 c - 2 scrolls of brand weapon {unknown}
 l - 4 scrolls of identify {unknown}
 q - a scroll of silence {unknown}
 r - 2 scrolls of enchant weapon {unknown}
 u - a scroll of blinking {unknown}
 x - a scroll of vulnerability {unknown}
 z - a scroll of holy word {unknown}
Potions
 e - a potion of ambrosia {unknown}
 f - 5 potions of flight {unknown}
 h - 2 potions of curing {unknown}
 j - a potion of lignification {unknown}
 m - 3 potions of cancellation {unknown}
 p - a potion of heal wounds {unknown}
 s - 5 potions of might {unknown}
 v - a potion of attraction {unknown}


   Skills:
 + Level 3.9 Fighting
 * Level 5.7 Long Blades
 + Level 5.3 Armour
 + Level 5.9 Dodging
 - Level 1.7 Stealth
 * Level 3.9 Shields
 - Level 5.0 Spellcasting
 - Level 7.0 Ice Magic


You had 14 spell levels left.
You knew the following spells:

 Your Spells              Type           Power      Damage    Failure   Level
a - Freeze                Ice            100%       1d11      1%          1
b - Frozen Ramparts       Ice            58%        1d7       2%          3

Your spell library contained the following spells:

 Spells                   Type           Power      Damage    Failure   Level
 Ozocubu's Armour         Ice            29%        N/A       2%          3
 Hailstorm                Conj/Ice       17%        3d6       36%         4


Dungeon Overview and Level Annotations

Branches:
Dungeon (7/15)             Temple (1/1) D:5

Altars:
Gozag
Wu Jian
The Shining One


Innate Abilities, Weirdness & Mutations

You are amphibious.
You cover ground slowly.
You can hop short distances.
You have an extended range of vision and can be seen from far away.


Message History

The two-headed ogre is moderately wounded.
The wall freezes the two-headed ogre.
You block the two-headed ogre's attack.
The two-headed ogre hits you with a +0 giant club!!
You are too injured to fight recklessly!
Casting: Freeze (safe; 1% risk of failure)
Confirm with . or Enter, or press ? or * to list all spells.
Aiming: Freeze (safe; 1% risk of failure)
Press: ? - help, Shift-Dir - straight line, f/p - two-headed ogre
Aim: a two-headed ogre, wielding two +0 giant clubs (heavily wounded)
You freeze the two-headed ogre.
The two-headed ogre is heavily wounded.
The wall freezes the two-headed ogre.
The two-headed ogre closely misses you. x2
Casting: Freeze (safe; 1% risk of failure)
Confirm with . or Enter, or press ? or * to list all spells.
Aiming: Freeze (safe; 1% risk of failure)
Press: ? - help, Shift-Dir - straight line, f/p - two-headed ogre
Aim: a two-headed ogre, wielding two +0 giant clubs (heavily wounded)
You freeze the two-headed ogre.
The two-headed ogre is heavily wounded.
Casting: Freeze (safe; 1% risk of failure)
Confirm with . or Enter, or press ? or * to list all spells.
Aiming: Freeze (safe; 1% risk of failure)
Press: ? - help, Shift-Dir - straight line, f/p - two-headed ogre
Aim: a two-headed ogre, wielding two +0 giant clubs (heavily wounded)
You freeze the two-headed ogre.
The two-headed ogre is severely wounded.
The wall freezes the two-headed ogre.
The two-headed ogre closely misses you.
The two-headed ogre hits you with a +0 giant club!
* * * LOW HITPOINT WARNING * * *
Casting: Freeze (safe; 1% risk of failure)
Confirm with . or Enter, or press ? or * to list all spells.
Aiming: Freeze (safe; 1% risk of failure)
Press: ? - help, Shift-Dir - straight line, f/p - two-headed ogre
Aim: a two-headed ogre, wielding two +0 giant clubs (severely wounded)
You freeze the two-headed ogre.
The two-headed ogre is severely wounded.
The wall freezes the two-headed ogre.
The two-headed ogre hits you with a +0 giant club!!
You die...
Your body crumbles into a pile of gold.

## ##...............# .#
#...............## .###
##>...............#
...####.)...............#
.......))...............#
........###..........##
..............##...######
..#......####.....<......
..#......# ####@........
..............)O.........
..#......################
..#......# ..#......#


You could see a two-headed ogre.

Vanquished Creatures
  A water moccasin (D:6)
  3 sky beasts
  A black bear (D:4)
  3 necrophages
  A phantom (D:5)
  A bullfrog (D:7)
  A gnoll sergeant (D:7)
  2 scorpions
  A water moccasin skeleton (D:6)
  6 hounds
  A jelly (D:3)
  4 orc priests
  A gnoll shaman (D:7)
  A bullfrog skeleton (D:6)
  7 iguanas
  2 orc wizards (D:5)
  A howler monkey zombie (D:6)
  5 adders
  11 gnolls
  An ufetubus (D:5)
  A worm (D:3)
  15 orcs
  6 endoplasms
  4 giant cockroaches
  3 goblins
  7 hobgoblins
  5 jackals (D:1)
  5 kobolds
  5 quokkas
  8 ball pythons
  3 bats
  3 frilled lizards
  7 rats
126 creatures vanquished.

Notes
Turn   | Place    | Note
-------+----------+-------------------------------------------
     0 | D:1      | KoroneIsBestGirl the Barachi Ice Elementalist began the
                  | quest for the Orb.
     0 | D:1      | Reached XP level 1. HP: 13/13 MP: 3/3
   278 | D:1      | Reached skill level 5 in Ice Magic
   278 | D:1      | Reached XP level 2. HP: 13/19 MP: 1/5
   832 | D:1      | Reached XP level 3. HP: 23/24 MP: 2/7
   836 | D:1      | Learned a level 3 spell: Frozen Ramparts
  2151 | D:3      | Reached skill level 1 in Armour
  2151 | D:3      | Reached XP level 4. HP: 18/30 MP: 0/8
  2292 | D:3      | Reached XP level 5. HP: 35/35 MP: 5/9
  2465 | D:3      | Noticed a necrophage
  2475 | D:3      | Killed a necrophage
  2485 | D:3      | Found a faded altar of an unknown god.
  2810 | D:3      | Reached skill level 6 in Ice Magic
  2963 | D:3      | Reached XP level 6. HP: 22/41 MP: 7/11
  3606 | D:4      | Noticed a black bear
  3609 | D:4      | Killed a black bear
  4100 | D:4      | Reached XP level 7. HP: 38/46 MP: 8/13
  4102 | D:4      | Reached skill level 1 in Long Blades
  4492 | D:5      | Entered Level 5 of the Dungeon
  4563 | D:5      | Reached skill level 1 in Fighting
  5256 | D:6      | Reached skill level 5 in Dodging
  5256 | D:6      | Reached XP level 8. HP: 48/56 MP: 9/14
  5372 | D:6      | Reached skill level 7 in Ice Magic
  5478 | D:6      | Reached skill level 1 in Shields
  5777 | D:5      | Reached skill level 5 in Spellcasting
  6413 | D:5      | Reached skill level 5 in Long Blades
  6548 | D:5      | Found a staircase to the Ecumenical Temple.
  6554 | Temple   | Entered the Ecumenical Temple
  6561 | Temple   | Became a worshipper of Gozag Ym Sagoz the Greedy
  6770 | D:5      | Reached skill level 5 in Armour
  6825 | D:7      | Reached XP level 9. HP: 54/64 MP: 16/16
  7324 | D:7      | Noticed a two-headed ogre
  7332 | D:7      | Mangled by a two-headed ogre

Illustrated notes

Levels and vault maps discovered:
D:1:      minmay_arrival_widening_spiral_wide, layout_basic, minmay_distorted
D:2:      layout_basic
D:3:      layout_loops_corners, shapermc_ecumenical_altar_hornbeckon,
          portal_sewer_entry_e
D:4:      layout_loops_ring
D:5:      layout_basic, minmay_temple_entry_enclosed_plants
D:6:      layout_basic, minmay_misc_feat_tiny
D:7:      layout_rooms, lightli_ossuary_entry_decrepit_ruins
Temple:   minmay_crystal_snake_temple

Skill      XL: |  1  2  3  4  5  6  7  8 |
---------------+-------------------------+-----
Ice Magic      | 5 6 7 |  7.0
Dodging        | 3 4 5 |  5.9
Spellcasting   | 3 4 5 |  5.0
Armour         | 1 2 3 4 5 |  5.3
Long Blades    | 3 5 |  5.7
Fighting       | 2 3 |  3.9
Shields        | 3 |  3.9
Stealth        | |  1.7

Action                   |  1- 3 |  4- 6 |  7- 9 || total
-------------------------+-------+-------+-------++-------
Melee: Unarmed           |    13 |     7 |       ||    20
       Falchion          |       |     4 |    88 ||    92
 Cast: Freeze            |    54 |    41 |    37 ||   132
       Frozen Ramparts   |     1 |     5 |    13 ||    19
 Abil: Hop               |       |       |     2 ||     2
  Use: Scroll            |       |       |     1 ||     1
 Stab: Sleeping          |       |       |     4 ||     4
Armor: Robe              |    11 |     9 |     5 ||    25
       Leather armour    |       |       |    22 ||    22
Dodge: Dodged            |    35 |    31 |    74 ||   140
Block: Buckler           |       |       |    23 ||    23

Table legend: (Time is in decaauts)
 A = Elapsed time spent in this place.
 B = Non-inter-level travel time spent in this place.
 C = Inter-level travel time spent in this place.
 D = Time resting spent in this place.
 E = Time spent auto-exploring this place.
 F = Levels seen in this place.
 G = Mean time per level.
                   A        B        C        D        E       F      G
               +--------+--------+--------+--------+--------+-----+--------+
         Total |   8091 |   7700 |    391 |    279 |   6402 |   8 | 1011.4 |
       Dungeon |   8074 |   7690 |    384 |    279 |   6402 |   7 | 1153.4 |
        Temple |     17 |     10 |      7 |      0 |      0 |   1 |   17.0 |
               +--------+--------+--------+--------+--------+-----+--------+

Top non-repeatable levels by time:
     D:5: 1854 daAuts
     D:3: 1667 daAuts
     D:1: 1264 daAuts
     D:4: 1072 daAuts
     D:2: 1004 daAuts
     D:6: 681 daAuts
     D:7: 529 daAuts
  Temple: 17 daAuts
